 Dungeon Crawl Stone Soup version 0.25-a0-528-g6b7c99946c (webtiles) character file.

Game seed: 2058673486441260857, levelgen mode: classic

6615 EnegeticOcto the Cleaver (level 10, -13/100 HPs)
             Began as a Deep Dwarf Fighter on Feb 19, 2020.
             Was a Believer of Makhleb.
             Killed from afar by a wretched star (19 damage)
             ... with a lance of force
             ... on level 1 of the Abyss.
             The game lasted 00:04:58 (5530 turns).

EnegeticOcto the Cleaver (Deep Dwarf Fighter)       Turns: 5530, Time: 00:04:59

Health: -13/100    AC: 11    Str: 25    XL:     10   Next: 72%
Magic:  0/0        EV: 10    Int:  4    God:    Makhleb [**....]
Gold:   290        SH: 11    Dex: 12    Spells: 9/9 levels left

rFire    . . .     SeeInvis .   a - +1 war axe
rCold    + . .     Gourm    +   c - +0 kite shield
rNeg     . . .     Faith    .   d - +0 chain mail
rPois    +         Spirit   .   (no helmet)
rElec    .         Reflect  .   E - +2 cloak {+Inv}
rCorr    .         Harm     .   (no gloves)
MR       +++..     Rnd*Tele +   s - +0 pair of boots
Stlth    ..........             p - amulet of the gourmand
HPRegen  0.00/turn              l - ring of protection from cold
MPRegen  0.07/turn              b - ring of protection from magic

@: mighty, berserking (expiring), non-regenerating, very quick
A: damage resistance, heal wounds, [deformed body], [deterioration 2], [dopey
2], [frail 3], [low mp 3], magic resistance 1, sense surroundings 2, poison
resistance, [screaming 2], [teleportitis 3], [weak 2], [subdued magic 2], no
regeneration
a: Heal Wounds, Minor Destruction, Renounce Religion, Evoke Invisibility


You were on level 1 of the Abyss.
You worshipped Makhleb.
Makhleb was pleased with you.
You were very full.

You visited 2 branches of the dungeon, and saw 10 of its levels.
You visited the Abyss 1 time.
You also visited: Sewer.

You collected 290 gold pieces.

Inventory:

Hand Weapons
 a - a +1 war axe (weapon)
 f - the +10 flail of Undoing {antimagic, Int+3}
   (You found it on level 4 of the Dungeon)

   It reduces the magical energy of the wielder, and disrupts the spells and
   magical abilities of those hit.
   Natural abilities and divine invocations are not affected.
   It affects your intelligence (+3).
Missiles
 h - a throwing net (quivered)
Armour
 c - a +0 kite shield (worn)
 d - a +0 chain mail (worn)
 s - a +0 pair of boots (worn)
 t - a +0 cloak
 E - a +2 cloak of invisibility (worn)
Jewellery
 b - a ring of protection from magic (right hand)
 l - a ring of protection from cold (left hand)
 p - an amulet of the gourmand (around neck)
 F - a cursed -3 ring of evasion {unknown}
Wands
 o - a wand of flame (30)
 x - a wand of iceblast (11)
 y - a wand of scattershot (6)
 A - a wand of disintegration (21)
 B - a wand of paralysis (10)
Scrolls
 j - 7 scrolls of teleportation {@r2}
 v - a scroll of blinking {@r3}
 w - a scroll of remove curse {@r6}
 C - a scroll of identify {@r1}
Potions
 g - 2 potions of brilliance
 i - a potion of heal wounds {@q2}
 m - a potion of resistance {@q6}
 n - a potion of haste {@q4}
 q - a potion of magic
 r - 6 potions of curing {@q1}
 z - 2 potions of cancellation {unknown}
 D - a potion of invisibility {unknown}
Comestibles
 e - 14 rations


   Skills:
 * Level 8.0 Fighting
 * Level 9.3 Axes
 + Level 7.1 Armour
 + Level 6.1 Dodging
 + Level 7.2 Shields
 * Level 7.5 Invocations


You had 9 spell levels left.
You didn't know any spells.
Your spell library was empty.

Dungeon Overview and Level Annotations

Branches:
Dungeon (9/15)             Temple (1/1) D:5            Lair (0/6) D:9
  Sewer (visited)
    Orc: D:9-12

Altars:
Ashenzari
Cheibriados
Dithmenos
Elyvilon
Fedhas
Gozag
Hepliaklqana
Kikubaaqudgha
Makhleb
Nemelex Xobeh
Okawaru
Qazlal
Ru
Sif Muna
Trog
Uskayaw
Vehumet
Wu Jian
Xom
Zin
The Shining One

Shops:
D:6 [   D:7 (


Innate Abilities, Weirdness & Mutations

You are resistant to damage.
You can heal yourself by infusing magical energy.
You passively map the area around you.
You do not regenerate.
You are resistant to hostile enchantments. (MR+)
Your system is resistant to poisons. (rPois)
[Armour fits poorly on your strangely shaped body.]
[Your body often deteriorates upon taking damage.]
[You are very dopey. (Int -4)]
[You are extremely frail. (-30% HP)]
[Your magical capacity is extremely low. (-30% MP)]
[You sometimes yell uncontrollably at your foes.]
[You are often teleported next to monsters.]
[You are very weak. (Str -4)]
[Your spells are easier to cast, but less powerful.]


Message History

You feel weaker. x2
You feel much better.
The wretched star glows turbulently.
The lance of force misses you.
You feel much better.
You feel very mighty all of a sudden.
You hit the wretched star.
The wretched star is lightly damaged.
You closely miss the wretched star.
The wretched star is lightly damaged.
You hit the wretched star.
The wretched star is lightly damaged.
You closely miss the wretched star.
The wretched star is lightly damaged.
You slash the wretched star!
The wretched star is moderately damaged.
The wretched star glows turbulently.
The lance of force hits you!!
You are knocked back by the lance of force.
You slam into the stone wall!
A wretched star comes into view.
You hit the wretched star.
The wretched star is moderately damaged.
The wretched star glows turbulently.
The lance of force hits you!
Your body deteriorates!
You feel weakened.
You are knocked back by the lance of force.
You slam into the stone wall!
The wretched star glows turbulently.
The lance of force hits you!
You are knocked back by the lance of force.
You slam into the stone wall!
You hit the wretched star.
The wretched star is moderately damaged.
The wretched star pulses with an eldritch light!
You feel frail. x2; You feel weirdly uncertain.
You feel even more weirdly uncertain.
The wretched star glows turbulently.
You block the lance of force.
You barely miss the wretched star.
The wretched star is moderately damaged.
The wretched star glows turbulently.
You block the lance of force.
The wretched star pulses with an eldritch light!
You feel less energetic. x3
The wretched star pulses with an eldritch light!
Your connection to magic feels subdued.
Your connection to magic feels more subdued.
You closely miss the wretched star.
The wretched star is moderately damaged.
You slash the wretched star!
The wretched star is heavily damaged.
The wretched star glows turbulently.
The lance of force hits you!!
* * * LOW HITPOINT WARNING * * *
You are knocked back by the lance of force.
You slam into the stone wall!
* * * LOW HITPOINT WARNING * * *
You are too injured to fight recklessly!
You are too injured to fight recklessly!
You are too injured to fight recklessly!
You are too injured to fight recklessly!
You are too injured to fight recklessly!
You don't have enough innate magic capacity.
You don't have enough innate magic capacity.
You don't have enough innate magic capacity.
Okay, then.
A red film seems to cover your vision as you go berserk!
You feel yourself moving faster!
You feel mighty!
You closely miss the wretched star.
You hit the wretched star but do no damage.
The wretched star glows turbulently.
The lance of force hits you!!
* * * LOW HITPOINT WARNING * * *
You are knocked back by the lance of force.
You slam into the stone wall!
* * * LOW HITPOINT WARNING * * *
You closely miss the wretched star.
The wretched star is heavily damaged.
You slash the wretched star!
The wretched star is severely damaged.
The wretched star pulses with an eldritch light!
You feel even more weirdly uncertain.
You slice the wretched star!!
The wretched star is almost destroyed.
The wretched star pulses with an eldritch light!
You feel frail.
You hit the wretched star.
The wretched star is almost destroyed.
The wretched star pulses with an eldritch light!
You feel the urge to shout.
You feel a strong urge to yell.
You feel stupid. x2
You hit the wretched star.
You destroy the wretched star!
Makhleb accepts your kill.
You feel your strength returning.
Your Fighting skill increases to level 8!
Your Dodging skill increases to level 6!
The wretched star glows turbulently.
The lance of force hits you!!
You die...

# #. #.#
### ## ##
..###.#
#.#.#.
#.#@## #
.#. .#
###.#...#
# . .#.#
.#.*# .###
.. # # #
#..#. ..
.#.. #
.#..#.#.#.
#. # . ###
#..#.. # .
.. .. ....
... ..
..... # #
###.. .#.
. ##.# #
#. ..#.##


You could see a wretched star.

Vanquished Creatures
  A wretched star (Abyss:1)
  Maurice (D:8)
  Joseph (D:8)
  Maggie (D:7)
  A troll (D:9)
  2 hippogriffs
  A spriggan (D:8)
  A small abomination (Abyss:1)
  2 orc warriors
  An ice beast (D:7)
  4 ogres
  4 centaurs
  4 wolves (D:9)
  8 big kobolds (Sewer)
  3 bullfrogs
  A gnoll sergeant (D:6)
  A water moccasin zombie (D:4)
  3 scorpions
  15 killer bees
  3 howler monkeys (D:8)
  3 bullfrog zombies
  A crimson imp (D:8)
  A centaur zombie (D:6)
  2 quasits
  5 hounds
  2 orc priests
  A bullfrog skeleton (D:8)
  2 jellies
  An iguana (D:7)
  3 orc wizards
  11 worker ants
  A killer bee zombie (D:7)
  A hound zombie (D:7)
  A hound skeleton (D:5)
  A howler monkey skeleton (D:4)
  5 gnolls (D:6)
  9 adders
  4 river rats (Sewer)
  5 oozes (Sewer)
  2 adder zombies (D:4)
  5 worms
  A dart slug (D:3)
  7 leopard geckos
  22 orcs
  3 ball pythons
  6 giant cockroaches
  6 goblins
  4 hobgoblins
  6 jackals
  2 quokkas
  3 bats (D:1)
  2 frilled lizards
  3 jackal skeletons
  4 kobolds (Sewer)
  A leopard gecko zombie (D:6)
  A quokka zombie (D:4)
  8 rats
203 creatures vanquished.

Vanquished Creatures (others)
  5 toadstools (D:1)
5 creatures vanquished.

Grand Total: 208 creatures vanquished

Notes
Turn   | Place    | Note
-------+----------+-------------------------------------------
     0 | D:1      | EnegeticOcto the Deep Dwarf Fighter began the quest for the
                  | Orb.
     0 | D:1      | Reached XP level 1. HP: 20/20 MP: 1/1
   304 | D:1      | Reached XP level 2. HP: 24/27 MP: 2/2
   464 | D:3      | Reached XP level 3. HP: 34/34 MP: 2/2
   570 | D:3      | Reached skill level 3 in Axes
   761 | D:3      | Reached skill level 1 in Dodging
   791 | D:3      | Found a glowing drain.
   818 | Sewer    | Entered a sewer
   839 | Sewer    | Noticed a big kobold
   861 | Sewer    | Killed a big kobold
   861 | Sewer    | Reached XP level 4. HP: 37/42 MP: 2/2
   882 | Sewer    | Noticed a big kobold
   917 | Sewer    | Killed a big kobold
   917 | Sewer    | Reached XP level 5. HP: 41/50 MP: 3/3
   977 | Sewer    | Reached skill level 4 in Axes
   977 | Sewer    | Reached XP level 6. HP: 57/57 MP: 4/4
  1244 | Sewer    | Reached XP level 7. HP: 34/66 MP: 5/5
  1378 | Sewer    | Reached skill level 5 in Axes
  1664 | D:4      | Found a radiant altar of Vehumet.
  1664 | D:4      | Found a shattered altar of Ashenzari.
  1664 | D:4      | Found a shimmering blue altar of Sif Muna.
  1666 | D:4      | Found an opulent altar of Gozag.
  1743 | D:4      | Got a scorched flail
  1744 | D:4      | Identified the +10 flail of Undoing {antimagic, Int+3} (You
                  | found it on level 4 of the Dungeon)
  1783 | D:4      | Reached skill level 5 in Fighting
  1871 | D:4      | Reached skill level 5 in Shields
  2012 | D:4      | Reached skill level 5 in Armour
  2012 | D:4      | Reached XP level 8. HP: 51/74 MP: 1/5
  2185 | D:5      | Entered Level 5 of the Dungeon
  2202 | D:5      | Found a hide-covered altar of Uskayaw.
  2202 | D:5      | Noticed a +0 hand axe
  2202 | D:5      | Noticed a +0 hand axe
  2214 | D:5      | Reached skill level 6 in Axes
  2461 | D:5      | Found a staircase to the Ecumenical Temple.
  2480 | Temple   | Entered the Ecumenical Temple
  2599 | Temple   | Became a worshipper of Makhleb the Destroyer
  2738 | D:5      | Reached skill level 1 in Invocations
  3218 | D:6      | Found Hogeck's Antique Armour Emporium.
  3327 | D:6      | Reached skill level 7 in Axes
  3558 | D:6      | Reached * piety under Makhleb
  3635 | D:7      | Gained mutation: You passively map the area around you.
                  | [Deep Dwarf growth]
  3635 | D:7      | Reached XP level 9. HP: 39/82 MP: 0/4
  3645 | D:7      | Found Qeshocwo's Antique Weapon Emporium.
  3678 | D:7      | Found a bloodstained altar of Trog.
  3840 | D:7      | Noticed Maggie
  3855 | D:7      | Killed Maggie
  4109 | D:7      | Gained mutation: You are resistant to hostile enchantments.
                  | (MR+) [potion of mutation]
  4109 | D:7      | Gained mutation: Your system is resistant to poisons.
                  | (rPois) [potion of mutation]
  4499 | D:8      | Noticed Joseph
  4514 | D:8      | Killed Joseph
  4521 | D:8      | Reached skill level 5 in Dodging
  4697 | D:8      | Reached skill level 8 in Axes
  4697 | D:8      | Reached skill level 5 in Invocations
  4906 | D:8      | Reached ** piety under Makhleb
  4910 | D:8      | Reached XP level 10. HP: 48/94 MP: 2/7
  4998 | D:8      | Noticed Maurice
  5015 | D:8      | Killed Maurice
  5291 | D:9      | Reached skill level 9 in Axes
  5333 | D:9      | Found a staircase to the Lair.
  5377 | D:9      | Cast into level 1 of the Abyss (orc priest)
  5501 | Abyss:1  | Noticed a wretched star
  5517 | Abyss:1  | Noticed a wretched star
  5530 | Abyss:1  | Killed a wretched star
  5530 | Abyss:1  | Killed from afar by a wretched star

Levels and vault maps discovered:
D:1:      ncdulo_smallfort, layout_loops_cross, minmay_gold_behind_fungi,
          item_on_display_a
D:2:      layout_rooms, yredelemnul_forgotten_temple_becter, first_ration,
          uniq_crazy_yiuf_cottage, uniq_jessica
D:3:      layout_rooms, portal_sewer_entry_a, grunt_decor_one_mirror,
          nrook_loot_triangle
D:4:      layout_gridville, grunt_temple_overflow_open, serial_undead,
          serial_undead_c, serial_undead_d, serial_undead_d, serial_undead_a,
          dk_noncrumbling_2
D:5:      layout_loops_ring, dancing_weapons_uskayaw,
          minmay_temple_entry_sparse_star
D:6:      layout_basic, serial_shops, shop
D:7:      layout_basic, serial_shops, shop, basic_altar, uniq_maggie
D:8:      layout_basic, the_bakery, uniq_maurice, uniq_joseph
D:9:      cheibrodos_steamvent, layout_basic, erik_lair_island
Temple:   eino_temple_scatter_basement
Abyss:1:  base:
D:5

Skill      XL: |  1  2  3  4  5  6  7  8  9 10 |
---------------+-------------------------------+-----
Fighting       | 3 4 5 6 7 8 |  8.0
Axes           | 3 4 5 7 8 9 |  9.3
Dodging        | 1 2 3 4 5 6 |  6.1
Shields        | 4 5 6 7 |  7.2
Armour         | 4 5 6 7 |  7.1
Invocations    | 2 5 7 |  7.5

Action                   |  1- 3 |  4- 6 |  7- 9 | 10-12 || total
-------------------------+-------+-------+-------+-------++-------
Melee: War axe           |   132 |   150 |   100 |    57 ||   439
       Flail             |       |       |   302 |    84 ||   386
 Abil: Heal Wounds       |     4 |     3 |    12 |    10 ||    29
  Use: Scroll            |       |       |    18 |       ||    18
       Potion            |       |       |     1 |     2 ||     3
  Eat: Chunk             |       |     1 |    25 |     2 ||    28
Armor: Scale mail        |    73 |    48 |    14 |       ||   135
       Chain mail        |       |       |   182 |   163 ||   345
Dodge: Dodged            |    50 |    50 |   152 |   155 ||   407
Block: Kite shield       |    79 |    64 |   262 |   181 ||   586

Table legend:
 A = Non-vault XP
 B = Vault XP
 C = Vault XP percentage of total XP
 D = Non-vault monster count
 E = Vault monster count
 F = Vault count percentage of total count
                 A         B        C        D         E       F
            +---------+---------+-------+---------+---------+-------
      Total |    5914 |    3536 |  37.4 |     150 |      53 |  26.1
            +---------+---------+-------+---------+---------+-------
        D:1 |      14 |       0 |   0.0 |       9 |       0 |   0.0
        D:2 |       3 |       0 |   0.0 |       2 |       0 |   0.0
        D:3 |      66 |       8 |  10.8 |      24 |       3 |  11.1
        D:4 |     247 |     206 |  45.5 |      10 |       9 |  47.4
        D:5 |     840 |       0 |   0.0 |      22 |       0 |   0.0
        D:6 |     429 |       0 |   0.0 |      23 |       0 |   0.0
        D:7 |     706 |     389 |  35.5 |      14 |       1 |   6.7
        D:8 |    1535 |    1092 |  41.6 |      26 |       3 |  10.3
        D:9 |    1104 |     943 |  46.1 |      18 |       9 |  33.3
    Abyss:1 |     970 |       0 |   0.0 |       2 |       0 |   0.0
      Sewer |       0 |     898 | 100.0 |       0 |      28 | 100.0
            +---------+---------+-------+---------+---------+-------
